 Dungeon Sprint DCSS version 0.17-a0-1636-g3119f2b (webtiles) character file.

267 Kidiri the Covert (level 6, -3/25 (28) HPs)
             Began as a Spriggan Enchanter on Aug 5, 2015.
             Slain by a necrophage (4 damage)
             ... in the Dungeon (Sprint II: "The Violet Keep of Menkaure").
             The game lasted 00:01:21 (94 turns).

Kidiri the Covert (Spriggan Enchanter)                Turns: 94, Time: 00:01:21

HP:   -3/25 (28)    AC:  3    Str:  4    XL:     6   Next: 0%
MP:   6/17          EV: 26    Int: 17    God:
Gold: 0             SH:  0    Dex: 18    Spells: 1 memorised, 19 levels left

rFire  . . .     SeeInvis +     a - +1 dagger
rCold  . . .     Clarity  .     b - +1 robe
rNeg   . . .     SustAt   .     (shield restricted)
rPois  .         Gourm    .     (helmet restricted)
rElec  .         Spirit   .     (no cloak)
rCorr  .         Warding  .     (gloves unavailable)
rMut   .         NoTele   +     (boots unavailable)
MR     +....                    (no amulet)
Stlth  +++++.....               (no ring)
                                (no ring)

@: very slightly contaminated, non-regenerating, diseased, hasted (expiring),
very quick, somewhat resistant to hostile enchantments, quite stealthy
A: unfitting armour, see invisible, herbivore 3, speed 3, slow metabolism 2
a: no special abilities


You were in the Dungeon.
You were not hungry.

You visited 1 branch

Inventory:

Hand weapons
 a - a +1 dagger (weapon)
Armour
 b - a +1 robe (worn)
Scrolls
 j - a scroll of blinking
Potions
 h - 2 potions of magic
Books
 c - a book of Maledictions

   Spells                             Type                      Level
   a - Corona                         Hexes                        1
   b - Ensorcelled Hibernation        Hexes/Ice                    2
   c - Confuse                        Hexes                        3
   d - Tukima's Dance                 Hexes                        3
   e - Dazzling Spray                 Conjuration/Hexes            3
Comestibles
 d - a bread ration


   Skills:
 + Level 4.6 Short Blades
 * Level 9.4 Dodging
 * Level 10.6 Stealth
 * Level 7.9 Spellcasting
 + Level 6.3 Hexes


You had 19 spell levels left.
You knew the following spells:

 Your Spells              Type           Power        Failure   Level  Hunger
a - Corona                Hex            ####...      1%          1    None


Dungeon Overview and Level Annotations

Branches:
Dungeon (1/1)

Altars:


Innate Abilities, Weirdness & Mutations

You are tiny and cannot use many weapons and most armour.
You have supernaturally acute eyesight.
You are a herbivore.
You cover ground extremely quickly.
You need consume almost no food.


Message History

The necrophage is heavily damaged.
The necrophage stops glowing.
The necrophage completely misses you.
You closely miss the necrophage.
The necrophage is heavily damaged.
Casting: Corona
Confirm with . or Enter, or press ? or * to list all spells.
Aiming: Corona
Press: ? - help, Shift-Dir - straight line, f/p - necrophage
Aim: a necrophage (heavily damaged, chance to defeat MR: 50%)
The necrophage is outlined in light.
The necrophage misses you.
You hit the necrophage but do no damage.
The necrophage is heavily damaged.
You closely miss the necrophage.
The necrophage is heavily damaged.
The necrophage completely misses you.
There is a staircase leading out of the dungeon here.
You hit the necrophage.
The necrophage is severely damaged.
The necrophage hits you.
You die...

#+#
##.##
+.@.+
##n##
#†#
.$.
..#..
##.
.##
## ##


You could see a necrophage.

Vanquished Creatures
  3 necrophages (D)
3 creatures vanquished.

Notes
Turn   | Place    | Note
--------------------------------------------------------------
     0 | D        | Kidiri the Spriggan Enchanter began the quest for the Orb.
     0 | D        | Reached XP level 1. HP: 9/9 MP: 5/5
     1 | D        | Noticed a necrophage
     1 | D        | Noticed a necrophage
     1 | D        | Noticed a necrophage
     1 | D        | Noticed a necrophage
    13 | D        | Killed a necrophage
    13 | D        | Reached skill level 6 in Dodging
    13 | D        | Reached skill level 8 in Stealth
    13 | D        | Reached skill level 5 in Spellcasting
    13 | D        | Reached skill level 5 in Hexes
    13 | D        | Reached XP level 2. HP: 7/13 MP: 4/9
    13 | D        | Reached XP level 3. HP: 8/16 MP: 4/11
    13 | D        | Reached XP level 4. HP: 10/21 MP: 4/12
    19 | D        | Killed a necrophage
    19 | D        | Reached skill level 9 in Stealth
    19 | D        | Reached XP level 5. HP: 11/24 MP: 5/15
    67 | D        | Killed a necrophage
    67 | D        | Reached skill level 10 in Stealth
    67 | D        | Reached XP level 6. HP: 9/25 MP: 8/17
    83 | D        | HP: 1/25 [necrophage (6)]
    94 | D        | Slain by a necrophage

Vault maps used:
D:        the_violet_keep_of_menkaure

Action                   |  1- 3 |  4- 6 || total
-------------------------+-------+-------++-------
Melee: Dagger            |    10 |    68 ||    78
 Cast: Corona            |     1 |     7 ||     8
  Use: Potion            |     1 |     3 ||     4
